 Dungeon Crawl Stone Soup version 0.22-a0-192-g6ffc940 (webtiles) character file.

130 wolfsongas the Covert (level 5, -1/37 HPs)
             Began as a Kobold Hunter on Feb 16, 2018.
             Slain by a worm (5 damage)
             ... on level 1 of the Dungeon.
             The game lasted 00:06:44 (1242 turns).

wolfsongas the Covert (Kobold Hunter)               Turns: 1242, Time: 00:06:44

Health: -1/37      AC:  3    Str:  9    XL:     5   Next: 36%
Magic:  14/14      EV: 19    Int:  9    God:
Gold:   16         SH:  0    Dex: 17    Spells: 4/4 levels left

rFire    . . .     SeeInvis .   b - +0 dagger
rCold    . . .     Gourm    .   (shield restricted)
rNeg     . . .     Faith    .   c - +0 leather armour
rPois    .         Spirit   .   (helmet restricted)
rElec    .         Reflect  .   (no cloak)
rCorr    .         Harm     .   (no gloves)
MR       +....                  (no boots)
Stlth    +++++.....             (no amulet)
HPRegen  0.12/turn              h - ring of magical power
MPRegen  0.14/turn              j - -3 ring of intelligence (curse)

@: hasted, very quick
A: small, antennae 1, carnivore, magic resistance 1, wild magic 1
a: no special abilities


You were on level 1 of the Dungeon.
You were very full.

You visited 1 branch of the dungeon, and saw 2 of its levels.

You collected 16 gold pieces.

Inventory:

Hand Weapons
 a - a +1 hand crossbow
 b - a +0 dagger (weapon)
Missiles
 d - 30 bolts
 e - 69 stones (quivered)
Armour
 c - a +0 leather armour (worn)
Jewellery
 h - a ring of magical power (left hand)
 j - a cursed -3 ring of intelligence (right hand)
Comestibles
 f - 3 rations


   Skills:
 + Level 6.6 Fighting
 - Level 8.3 Short Blades
 * Level 8.4 Crossbows
 + Level 7.3 Dodging
 + Level 11.0 Stealth


You had 4 spell levels left.
You didn't know any spells.

Dungeon Overview and Level Annotations

Branches:
Dungeon (2/15)

Altars:

Annotations:
D:1 Robin
D:2 Sigmund


Innate Abilities, Weirdness & Mutations

You are small and have problems with some larger weapons.
You are carnivorous and can eat meat at any time.
You have a pair of small antennae on your head.
You are resistant to hostile enchantments. (MR+)
Your spells are a little harder to cast, but a little more powerful.


Message History

The worm bites you!
* * * LOW HITPOINT WARNING * * *
The goblin misses you.
You aren't carrying any potions.
You aren't carrying any spellbooks or scrolls.
Sorry, you're not good enough to have a special ability.
You closely miss Robin.
Robin is severely wounded.
The goblin closely misses you. Robin hits you but does no damage.
You barely miss Robin.
Robin is severely wounded.
You hit Robin.
Robin is severely wounded.
The goblin completely misses you. The goblin misses you.
Robin barely misses you.
You hit Robin but do no damage.
Robin is severely wounded.
The goblin no longer looks unusually strong.
The worm bites you.
You die...

#......#
##...#.##########
##.##..........#
#.###########.# #.#
#.# ##+## #.# ##...##
#.#
##.....#########.#
##.......##..g@wg.#
###.........#.##gg..#
.)'.........'...b...#
###.........#.##....#
# ##.....).##.###...#
# ##.....###.# ###.#
# ##...## #.#####.# #
##'## #.......# # #.#
#######.#


You could see a worm, Robin, 3 goblins and a bat.

Vanquished Creatures
  A gnoll (D:1)
  A dart slug (D:1)
  6 bats (D:1)
  2 hobgoblins (D:1)
  3 jackals (D:1)
  2 frilled lizards (D:1)
  A kobold (D:1)
  5 rats
21 creatures vanquished.

Notes
Turn   | Place    | Note
-------+----------+-------------------------------------------
     0 | D:1      | wolfsongas the Kobold Hunter began the quest for the Orb.
     0 | D:1      | Reached XP level 1. HP: 12/12 MP: 1/1
   180 | D:1      | Reached skill level 2 in Stealth
   186 | D:1      | Reached XP level 2. HP: 14/18 MP: 2/2
   453 | D:1      | Reached skill level 5 in Crossbows
   528 | D:1      | Reached XP level 3. HP: 22/22 MP: 3/3
   859 | D:2      | Reached skill level 3 in Stealth
   861 | D:2      | Noticed Sigmund
   867 | D:2      | Reached skill level 6 in Stealth
   867 | D:2      | Reached XP level 4. HP: 23/32 MP: 4/4
  1061 | D:1      | Reached skill level 11 in Stealth
  1061 | D:1      | Reached XP level 5. HP: 37/37 MP: 5/5
  1213 | D:2      | Noticed Robin
  1233 | D:1      | Gained mutation: Your spells are a little harder to cast, but a little more powerful. [potion of mutation]
  1233 | D:1      | Gained mutation: You have a pair of small antennae on your head. [potion of mutation]
  1233 | D:1      | Gained mutation: You are resistant to hostile enchantments. (MR+) [potion of mutation]
  1242 | D:1      | Slain by a worm

Vault maps used:
D:1:      dpeg_arrival_windows_large_door
D:2:      uniq_sigmund, uniq_robin

Skill      XL: |  1  2  3  4 |
---------------+-------------+-----
Stealth        | 2 6 11 | 11.0
Crossbows      | 5 8 |  8.4
Fighting       | 6 |  6.6
Dodging        | 7 |  7.3
Short Blades   | 8 |  8.3

Action                   |  1- 3 |  4- 6 || total
-------------------------+-------+-------++-------
Melee: Dagger            |       |    21 ||    21
 Fire: Hand crossbow     |    56 |       ||    56
  Use: Scroll            |     2 |       ||     2
       Potion            |     1 |     6 ||     7
  Eat: Chunk             |     8 |       ||     8
Armor: Leather armour    |     5 |     4 ||     9
       Skin              |       |    12 ||    12
Dodge: Dodged            |    12 |    27 ||    39

Table legend:
 A = Spawn XP
 B = Non-spawn XP
 C = Spawn XP percentage of total XP
 D = Spawn monster count
 E = Non-spawn monster count
 F = Spawn count percentage of total count
 G = Total turns spent on level
                    A         B        C        D         E        F      G
               +---------+---------+-------+---------+---------+-------+---------
         Total |       0 |      44 |   0.0 |       0 |      21 |   0.0 |  1242
               +---------+---------+-------+---------+---------+-------+---------
           D:1 |       0 |      43 |   0.0 |       0 |      20 |   0.0 |  1227
           D:2 |       0 |       1 |   0.0 |       0 |       1 |   0.0 |    15
               +---------+---------+-------+---------+---------+-------+---------
